AoeStats
← 騷護士

African Clearing

510807450Analyzed
4v4 RM · 8h ago on Oct 2, 2026· 30m 46s· 8 players
Game mode
Random Map
Map size
Large (8 player)
Population
200
Speed
Normal
Resources
Standard
Victory
Conquest
Starting age
Dark Age
Ending age
Imperial Age
RankedLock teamsTeams togetherTeam positionsShared explorationLock speedFull tech treeHidden civsTurbo modeCheats
Victory
Defeat
🇭🇷 Danes · Croatia
1561
+12
🇧🇦 Saxons · Bosnia & Herzegovina
1506
+14
🇭🇷 Spanish · Croatia
1463
+16
🇸🇮 Vietnamese · Slovenia
1460
+16
🇹🇼 Varangians · Taiwan
1498
-16
🇨🇴 Slavs · Colombia
1484
-15
🇫🇮 Persians · Finland
1451
-14
🇳🇱 Mongols · Netherlands
1433
-13
thaebS
13:33 Feudal Age
14:24 Loom
17:30 Castle Age
15:35 Double-Bit Axe
19:51 Town Watch
21:43 Horse Collar
23:58 Scale Barding Armor
24:06 Bloodlines
24:41 Husbandry
25:05 Fletching
28:49 Forging
28:48 Heavy Plow
30:28 Wheelbarrow
31:08 Chain Barding Armor
ANTIFA
8:57 Loom
13:42 Feudal Age
19:43 Wheelbarrow
24:59 Castle Age
25:14 Fletching
28:38 Hand Cart
騷護士
7:51 Loom
12:10 Feudal Age
16:20 Castle Age
16:02 Double-Bit Axe
16:55 Wheelbarrow
20:43 Bow Saw
23:37 Fishing Lines
25:45 Hand Cart
25:35 Gold Mining
26:32 Horse Collar
28:02 Gillnets
29:40 Stone Mining
33:36 Imperial Age
Morlhaw
11:03 Loom
13:23 Feudal Age
14:20 Double-Bit Axe
15:22 Horse Collar
17:28 Wheelbarrow
21:20 Castle Age
20:21 Scale Barding Armor
21:47 Light Cavalry
25:14 Chain Barding Armor
g0ldenJew
3:19 Loom
13:36 Feudal Age
14:14 Feudal Age
18:04 Castle Age
16:02 Double-Bit Axe
16:47 Horse Collar
17:12 Gold Mining
19:15 Padded Archer Armor
20:02 Gold Mining
30:09 Leather Archer Armor
30:07 Bloodlines
Tomo Žeznati
11:40 Loom
13:28 Feudal Age
15:24 Double-Bit Axe
17:55 Castle Age
19:06 Bow Saw
19:22 Scale Mail Armor
26:01 Horse Collar
27:59 Wheelbarrow
30:05 Chain Mail Armor
30:56 Town Watch
dejan
13:07 Feudal Age
11:24 Loom
13:11 Feudal Age
14:45 Double-Bit Axe
17:55 Fletching
23:41 Castle Age
22:26 Padded Archer Armor
22:42 Stone Mining
22:45 Gold Mining
24:17 Bodkin Arrow
25:18 Leather Archer Armor
24:55 Crossbowman
27:44 Ballistics
Pitlja
4:31 Loom
11:38 Feudal Age
14:24 Fletching
14:34 Double-Bit Axe
25:02 Castle Age
25:31 Gold Mining
26:08 Bow Saw
27:02 Wheelbarrow
26:36 Bodkin Arrow
26:43 Scale Mail Armor
27:08 Horse Collar
28:06 Stone Mining
30:28 Town Watch
Connection lost

Rejoining the realm…

Still unreachable

The connection could not be restored.

Session expired

The server has moved on; the page needs a fresh start.